 Dungeon Crawl Stone Soup version 0.26-a0-651-gb41185065b (console) character file.

Game seed: 11459351560398047143

833 om the Chopper (level 7, -3/62 HPs)
             Began as a Deep Dwarf Fighter on Sept 29, 2020.
             Killed by divine providence
             ... invoked by an orc priest
              (11 damage)
             ... on level 6 of the Dungeon.
             The game lasted 00:06:37 (4156 turns).

om the Chopper (Deep Dwarf Fighter)                 Turns: 4156, Time: 00:06:38

Health: -3/62      AC: 13    Str: 21    XL:     7   Next: 65%
Magic:  6/6        EV:  5    Int:  8    God:
Gold:   285        SH:  9    Dex: 13    Spells: 6/6 levels left

rFire    . . .     SeeInvis +   a - +0 war axe
rCold    . . .     Faith    .   c - +0 kite shield
rNeg     . . .     Spirit   .   f - +0 plate armour
rPois    +         Reflect  .   n - +0 helmet
rElec    .         Harm     .   (no cloak)
rCorr    .         Rampage  .   (no gloves)
MR       +....                  (no boots)
Stlth    ..........             (no amulet)
HPRegen  0.00/turn              k - ring of see invisible
MPRegen  0.10/turn              o - ring of poison resistance

@: non-regenerating, lightly drained
A: damage resistance, heal wounds, sense surroundings 1, no regeneration
a: Heal Wounds


You were on level 6 of the Dungeon.
You visited 1 branch of the dungeon, and saw 6 of its levels.

You collected 285 gold pieces.

Inventory:

Hand Weapons
 a - a +0 war axe (weapon)
Missiles
 t - 31 bolts
Armour
 c - a +0 kite shield (worn)
 f - a +0 plate armour (worn)
 n - a +0 helmet (worn)
Jewellery
 k - a ring of see invisible (left hand)
 o - a ring of poison resistance (right hand)
 r - an uncursed ring of resist corrosion
 y - a +6 ring of intelligence
Wands
 u - a wand of enslavement (10)
Scrolls
 b - 2 scrolls of blinking {unknown}
 h - 7 scrolls of identify {unknown}
 i - a scroll of magic mapping {unknown}
 j - 2 scrolls of remove curse {unknown}
 m - 2 scrolls of immolation {unknown}
 q - 2 scrolls of teleportation {unknown}
 v - a scroll of random uselessness {unknown}
 w - a scroll of amnesia {unknown}
 z - a scroll of enchant weapon {unknown}
Potions
 d - a potion of might
 e - a potion of cancellation {unknown}
 g - 2 potions of curing {unknown}
 l - 5 potions of mutation {unknown}
 p - 2 potions of magic {unknown}
 s - a potion of stabbing {unknown}
 x - a potion of invisibility {unknown}
 A - a potion of flight {unknown}


   Skills:
 - Level 3.0(2.6) Fighting
 + Level 7.5(7.1) Axes
 - Level 5.0(4.6) Armour
 + Level 4.4(4.0) Dodging
 - Level 3.2(2.9) Shields


You had 6 spell levels left.
You didn't know any spells.
Your spell library contained the following spells:

 Spells                   Type           Power        Failure   Level
 Animate Skeleton         Necr           #.....       100%        1
 Apportation              Tloc           #.....       100%        1
 Corona                   Hex            #......      100%        1
 Summon Small Mammal      Summ           #...         100%        1


Dungeon Overview and Level Annotations

Branches:
Dungeon (6/15)
 Temple: D:4-7

Altars:
Okawaru
Zin

Shops:
D:3 *


Innate Abilities, Weirdness & Mutations

You are resistant to damage.
You can heal yourself by infusing magical energy.
You passively map a small area around you.
You do not regenerate.


Message History

You slash the orc priest!
You kill the orc priest!
You hit the orc.
The orc is moderately wounded.
The orc priest invokes the aid of Beogh against you.
Beogh smites you! The orc hits you but does no damage.
The orc priest mumbles some strange prayers to Beogh against you.
Beogh smites you!
* * * LOW HITPOINT WARNING * * *
You hit the orc.
The orc is almost dead.
The orc hits you but does no damage.
You hit the orc.
You kill the orc!
The orc priest calls down the wrath of Beogh upon you.
Pain shoots through your body!
* * * LOW HITPOINT WARNING * * *
The orc priest invokes the aid of Beogh against you.
Beogh smites you!
You die...

* + #. * #.. , * * * ##.##*
,, ##...## , * #.....### *
,....... , * * *
#.#.#.#.##* * * ,
#o........ , * , #@#)###.##
** * #.#... #.##### *
#.################
#.#......<........
#.#..........#####
#.#..........# #
***#########.#..........###
# .......................#
#
########.............#.###
* * * #...................


You could see an orc priest.

Vanquished Creatures
  A scorpion (D:4)
  A howler monkey (D:1)
  A hound (D:5)
  4 orc wizards
  3 orc priests
  2 bullfrog skeletons (D:5)
  7 worker ants
  Robin (D:3)
  6 gnolls
  9 adders
  A white imp (D:5)
  An ooze (D:3)
  An adder zombie (D:5)
  An adder skeleton (D:4)
  A worm (D:2)
  2 leopard geckos
  16 orcs
  6 bats
  3 giant cockroaches
  18 goblins
  13 hobgoblins
  12 jackals
  3 quokkas
  4 frilled lizards
  6 kobolds
  A leopard gecko skeleton (D:4)
  A quokka zombie (D:5)
  6 rats
131 creatures vanquished.

Vanquished Creatures (others)
  5 toadstools (D:1)
5 creatures vanquished.

Grand Total: 136 creatures vanquished

Notes
Turn   | Place    | Note
-------+----------+-------------------------------------------
     0 | D:1      | om the Deep Dwarf Fighter began the quest for the Orb.
     0 | D:1      | Reached XP level 1. HP: 20/20 MP: 1/1
   154 | D:1      | Reached XP level 2. HP: 27/27 MP: 2/2
   775 | D:2      | Noticed a howler monkey
   819 | D:1      | Killed a howler monkey
   819 | D:1      | Reached skill level 3 in Axes
   819 | D:1      | Reached XP level 3. HP: 29/34 MP: 3/3
   909 | D:2      | Reached XP level 4. HP: 34/42 MP: 4/4
  1273 | D:2      | Found a faded altar of an unknown god.
  1335 | D:2      | Reached skill level 4 in Axes
  1636 | D:3      | Reached XP level 5. HP: 49/49 MP: 5/5
  1726 | D:3      | Reached skill level 5 in Armour
  1727 | D:3      | Reached skill level 5 in Axes
  1784 | D:3      | Found Zin's Purification Station.
  1785 | D:3      | Found a glowing silver altar of Zin.
  2173 | D:3      | Noticed Robin
  2187 | D:3      | Killed Robin
  2403 | D:3      | Reached XP level 6. HP: 44/56 MP: 5/5
  2719 | D:4      | Reached skill level 6 in Axes
  2880 | D:4      | Reached skill level 1 in Dodging
  3060 | D:4      | Found an iron altar of Okawaru.
  3405 | D:5      | Entered Level 5 of the Dungeon
  3458 | D:5      | Reached XP level 7. HP: 24/62 MP: 6/6
  3638 | D:5      | Reached skill level 7 in Axes
  4156 | D:6      | Killed from afar by an orc priest

Illustrated notes

Levels and vault maps discovered:
D:1:      ldierk_walled_garden, layout_basic
D:2:      layout_loops_cross, chequers_ecumenical_altar_island
D:3:      layout_loops_corners, zin_purify, serial_forest,
          infiniplex_forest_end_2, infiniplex_forest_lined_room_2,
          infiniplex_forest_zigzag_1, infiniplex_forest_zigzag_1,
          infiniplex_forest_lined_corner, uniq_robin
D:4:      layout_basic, okawaru_altar_gauntlet_db
D:5:      cheibrodos_helix_gallery, layout_basic
D:6:      layout_loops_corners

Skill      XL: |  1  2  3  4  5  6  7 |
---------------+----------------------+-----
Fighting       | 3 |  3.0
Axes           | 3 4 5 6 7 |  7.5
Armour         | 4 5 |  5.0
Dodging        | 2 4 |  4.4
Shields        | |  3.2

Action                   |  1- 3 |  4- 6 |  7- 9 || total
-------------------------+-------+-------+-------++-------
Melee: War axe           |    88 |   286 |    93 ||   467
 Abil: Heal Wounds       |       |     3 |     3 ||     6
Armor: Scale mail        |     9 |       |       ||     9
       Plate armour      |    53 |   188 |    58 ||   299
Dodge: Dodged            |    22 |    60 |    13 ||    95
Block: Kite shield       |    49 |   148 |    41 ||   238

Table legend: (Time is in decaauts)
 A = Elapsed time spent in this place.
 B = Non-inter-level travel time spent in this place.
 C = Inter-level travel time spent in this place.
 D = Time resting spent in this place.
 E = Time spent auto-exploring this place.
 F = Levels seen in this place.
 G = Mean time per level.
                   A        B        C        D        E       F      G
               +--------+--------+--------+--------+--------+-----+--------+
         Total |   4307 |   4257 |     50 |    158 |   2949 |   6 |  717.8 |
       Dungeon |   4307 |   4257 |     50 |    158 |   2949 |   6 |  717.8 |
               +--------+--------+--------+--------+--------+-----+--------+

Top non-repeatable levels by time:
     D:3: 948 daAuts
     D:4: 915 daAuts
     D:2: 891 daAuts
     D:1: 777 daAuts
     D:5: 639 daAuts
     D:6: 136 daAuts
